 Dungeon Crawl Stone Soup version 0.21.1-1-g345015f (webtiles) character file.

136936 Oravi the Acrobat (level 17, -35/144 HPs)
             Began as a Merfolk Transmuter on May 22, 2018.
             Was a High Priest of Okawaru.
             Killed by Shatter
             ... invoked by Jorgrun
              (43 damage)
             ... on level 3 of the Swamp on May 23, 2018.
             The game lasted 03:05:05 (43655 turns).

Oravi the Acrobat (Merfolk Transmuter)             Turns: 43655, Time: 03:05:08

Health: -35/144    AC:  9    Str: 16    XL:     17   Next: 22%
Magic:  26/26      EV:  2    Int: 23    God:    Okawaru [*****.]
Gold:   3188       SH:  0    Dex: 17    Spells: 8/28 levels left

rFire    . . .     SeeInvis .     - Unarmed
rCold    . . .     Gourm    .   (shield currently unavailable)
rNeg     + + +     Faith    .   V - +3 leather armour
rPois    ∞         Spirit   .   c - +2 hat {MR+}
rElec    .         Reflect  .   e - scarf {cloud immunity}
rCorr    .         Harm     .   (gloves currently unavailable)
MR       ++...                  l - +0 pair of boots
Stlth    +.........             f - amulet "Quodeupt" {RegenMP rN+ Int+4}
HPRegen  0.34/turn              b - ring of poison resistance
MPRegen  0.45/turn              M - ring of Xistrulick {Str+5 Dex+3}

@: blade hands, petrified
A: change form in water, swift swim, stealthy swim
a: End Transformation, Heroism, Finesse, Renounce Religion


You were on level 3 of the Swamp.
You worshipped Okawaru.
Okawaru was extremely pleased with you.
You were hungry.
You had blades for hands.
You visited 5 branches of the dungeon, and saw 27 of its levels.
You also visited: Sewer, Ice Cave and Volcano.

You collected 3188 gold pieces.

Inventory:

Hand Weapons
 Y - a +2 glaive of flaming
Missiles
 a - 392 arrows
Armour
 c - a +2 hat of magic resistance (worn)
 e - a scarf of cloud immunity (worn)
 i - a +0 leather armour of cold resistance
 l - a +0 pair of boots (worn)
 p - a +2 robe of magic resistance
 C - a +2 pair of gloves (melded)
 R - a +1 buckler of protection
 V - a +3 leather armour (worn)
 Z - the +3 buckler "Zukoben" {rN+}
   (Okawaru gifted it to you on level 11 of the Dungeon)

   It protects you from negative energy.
Magical Staves
 U - an uncursed staff of death
 W - an uncursed staff of wizardry (melded)
Jewellery
 b - a ring of poison resistance (left scythe-like blade)
 f - the amulet "Quodeupt" (around neck) {RegenMP rN+ Int+4}
   (You acquired it on level 3 of the Swamp)

   [amulet of magic regeneration]

   It increases your magic regeneration.
   It affects your intelligence (+4).
   It protects you from negative energy.
 k - an uncursed ring of see invisible
 t - an uncursed ring of flight
 x - an uncursed ring of protection from fire
 E - an uncursed ring of ice
 J - an uncursed ring of resist corrosion
 M - the ring of Xistrulick (right scythe-like blade) {Str+5 Dex+3}
   (You acquired it on level 15 of the Dungeon)

   [ring of dexterity]

   It affects your strength (+5).
   It affects your dexterity (+3).
 N - a +3 ring of strength
Wands
 h - a wand of disintegration (4)
 q - a wand of clouds (6)
 y - a wand of iceblast (38)
 B - a wand of scattershot (7)
 F - a wand of digging (28)
 I - a wand of polymorph (43)
 K - a wand of paralysis (10)
 P - a wand of random effects (26)
 S - a wand of acid (13)
Scrolls
 g - a scroll of amnesia
 j - a scroll of enchant armour
 r - 6 scrolls of magic mapping
 s - 17 scrolls of remove curse
 G - 3 scrolls of fear
 H - a scroll of brand weapon
 L - 2 scrolls of teleportation
 O - a scroll of fog
Potions
 m - 2 potions of haste
 n - 9 potions of curing
 o - 2 potions of agility
 u - 4 potions of resistance
 v - 3 potions of flight
 w - 4 potions of might
 z - 2 potions of heal wounds
 A - 5 potions of berserk rage
 D - a potion of magic
 T - 3 potions of ambrosia
Comestibles
 d - 32 rations


   Skills:
 - Level 16.0 Fighting
 - Level 22.0 Dodging
 - Level 10.1 Unarmed Combat
 - Level 6.4 Spellcasting
 + Level 13.5 Transmutations
 - Level 5.3 Ice Magic
 + Level 7.5 Earth Magic
 - Level 6.9 Invocations


You had 8 spell levels left.
You knew the following spells:

 Your Spells              Type           Power        Failure   Level  Hunger
a - Spider Form           Tmut/Pois      #####.....   21%         3    #......
b - Sticks to Snakes      Tmut           ######..     6%          2    None
c - Ice Form              Ice/Tmut       ######..     21%         4    ###....
d - Blade Hands           Tmut           ######....   16%         5    #####..
e - Statue Form           Tmut/Erth      ######...    63%         6    ######.


Dungeon Overview and Level Annotations

Branches:
Dungeon (15/15)            Temple (1/1) D:7            Lair (6/6) D:10
  Swamp (3/4) Lair:4        Snake (0/4) Lair:2        Slime (0/5) Lair:6
    Orc (2/2) D:9             Elf (0/3) Orc:2        Vaults (0/5) D:13
 Depths (0/5) D:15

Altars:
Ashenzari
Cheibriados
Dithmenos
Elyvilon
Fedhas
Gozag
Hepliaklqana
Kikubaaqudgha
Makhleb
Nemelex Xobeh
Okawaru
Qazlal
Ru
Sif Muna
Trog
Uskayaw
Vehumet
Wu Jian
Xom
Yredelemnul
Zin
The Shining One
Beogh

Shops:
Orc:2 [[*}

Annotations:
Swamp:3 Jorgrun


Message History

The bog body touches you but does no damage.
The bog body hits you but does no damage.
The bog body touches you but does no damage.
Jorgrun casts a spell.
The dungeon rumbles around Jorgrun!
You shudder from the earth-shattering force.
* * * LOW HITPOINT WARNING * * *
Ka-crash!
You feel like a meek peon again. The bog body hits you.
* * * LOW HITPOINT WARNING * * *
The bog body touches you but does no damage.
Jorgrun mutters some incantations to himself.
The bog body hits you but does no damage.
The bog body touches you but does no damage.
Jorgrun gestures wildly while chanting.
The dungeon rumbles around Jorgrun!
The bog body is destroyed!
You shudder from the earth-shattering force.
You die...

.≈.♣≈
≈.....≈≈≈≈≈..≈≈≈.≈..≈
.....
≈♣♣♣♣.♣.≈≈≈.≈≈...≈≈≈≈
.♣g≈..
♣♣.♣...≈≈≈..§≈.≈≈
≈..≈..
♣♣≈≈♣≈≈.≈≈≈≈≈≈≈≈
≈.<≈≈.♣
♣♣≈.≈.≈≈....≈...
≈≈≈≈≈≈.
♣♣≈.≈§..♣♣♣♣≈≈≈≈≈
)..≈♣.)≈♣♣♣.≈≈≈≈≈♣♣
♣§≈≈≈≈≈
≈≈≈≈.g≈≈.♣♣♣....♣♣
♣.≈≈♣≈≈
....≈≈≈.≈†@..≈.♣♣
♣≈≈≈..>
≈≈≈.≈≈≈.≈≈≈≈≈≈.♣
♣.≈..♣≈
♣...≈.....≈≈≈≈♣♣
♣...≈≈≈
♣♣≈....≈...≈≈♣♣
♣≈≈)≈≈≈ ♣≈.♣.≈≈≈≈≈.≈♣
♣≈≈..≈≈ ♣......≈...♣♣
♣♣§≈≈.♣≈ ♣≈≈≈≈≈..≈...
♣..≈...♣ ≈...≈..≈≈.♣♣
♣≈≈≈.... ≈♣..≈≈≈≈≈♣
♣≈.....♣


You could see Jorgrun.

Vanquished Creatures
  4 thorn hunters
  Agnes (D:15)
  Roxanne (D:14)
  A juggernaut zombie (D:15)
  A frost giant (D:13)
  A very ugly thing (Swamp:2)
  Nessos (D:14)
  2 ettins (D:13)
  Josephine (Orc:2)
  4 vault guards (D:13)
  2 ice dragons (IceCv)
  8 hydras
  Erica (Orc:1)
  2 death knights
  A queen ant (Lair:2)
  3 centaur warriors
  3 alligators
  6 death yaks (Lair:4)
  13 two-headed ogres
  2 ogre magi (Orc:2)
  2 tengu warriors (D:13)
  A vampire mage (D:15)
  3 spriggans
  Nergalle (D:11)
  6 skeletal warriors
  3 unseen horrors
  2 deep trolls (Orc:2)
  A swamp dragon (Swamp:2)
  A phantasmal warrior (D:12)
  A deep elf archer (D:11)
  A spriggan druid (Swamp:3)
  3 orc knights
  2 orc sorcerers
  2 shambling mangroves
  Pikel (D:4)
  A lindwurm (Lair:4)
  A necromancer (D:15)
  3 ugly things
  2 manticores
  10 cyclopes
  2 deep elf magi
  4 elephants (Lair:4)
  A fire giant skeleton (D:15)
  5 black mambas
  Joseph (D:8)
  A spriggan zombie (D:15)
  Psyche (D:11)
  2 ice statues (IceCv)
  2 gargoyles
  3 rime drakes
  A torpor snail (Lair:2)
  27 spiny frogs
  5 komodo dragons
  An efreet (Volcano)
  3 yaktaurs (D:15)
  2 freezing wraiths (D:13)
  8 tyrant leeches
  16 trolls
  Prince Ribbit (D:8)
  A polar bear (Lair:5)
  12 bog bodies
  6 hornets
  16 blink frogs
  7 hippogriffs
  5 slime creatures
  4 shadows
  A spriggan skeleton (D:15)
  2 vampires
  3 basilisks
  2 fire elementals (Volcano)
  3 wyverns
  35 yaks
  4 wraiths
  4 hogs
  A hungry ghost (D:14)
  A steam dragon (D:8)
  16 vampire mosquitoes
  Grum (D:11)
  Menkaure (D:6)
  4 wargs
  12 insubstantial wisps
  20 soldier ants (Lair:2)
  9 swamp worms
  6 acid dragons
  2 hell hounds (Lair:5)
  14 water moccasins
  4 porcupines
  Purgy (Sewer)
  30 ice beasts
  2 phantoms
  5 sky beasts
  6 swamp drakes
  A black bear (D:9)
  4 necrophages (Swamp:3)
  A slave (D:4)
  22 orc warriors
  13 wolves
  35 ogres
  13 centaurs
  6 crocodiles
  A big kobold (D:12)
  20 bullfrogs
  A gnoll sergeant (D:10)
  4 earth elementals (Volcano)
  3 scorpions
  A wyvern skeleton (D:8)
  20 killer bees
  4 wights
  2 howler monkeys
  4 electric eels
  3 bullfrog zombies
  5 crimson imps
  6 centaur zombies
  4 hounds
  16 orc priests
  5 jellies
  2 bullfrog skeletons
  3 centaur skeletons
  6 iguanas
  15 orc wizards
  6 hell rats (Lair:6)
  30 worker ants
  A hound zombie (D:7)
  2 hound skeletons
  2 worker ant zombies
  17 gnolls
  9 adders
  A howler monkey skeleton (D:6)
  8 shadow imps
  A worker ant simulacrum (D:11)
  An ooze (D:1)
  An adder skeleton (D:6)
  5 worms
  3 dart slugs
  8 leopard geckos
  79 orcs
  A ball python (D:6)
  9 bats
  12 giant cockroaches
  6 goblins
  5 hobgoblins
  16 jackals
  4 quokkas
  8 frilled lizards
  8 kobolds
  2 quokka skeletons
  6 rats
902 creatures vanquished.

Vanquished Creatures (collateral kills)
  A hydra (D:15)
  2 yaktaurs (D:15)
  A basilisk (D:14)
  A hog (D:12)
  A bullfrog (Lair:2)
6 creatures vanquished.

Vanquished Creatures (others)
  Kirke (D:11)
  A bog body (Swamp:3)
  A swamp worm (Swamp:2)
  A centaur (D:15)
  A killer bee (D:12)
  2 orcs
  4 briar patches (Swamp:3)
  13 fungi
  61 plants
85 creatures vanquished.

Grand Total: 993 creatures vanquished

Notes
Turn   | Place    | Note
-------+----------+-------------------------------------------
     0 | D:1      | Oravi the Merfolk Transmuter began the quest for the Orb.
     0 | D:1      | Reached XP level 1. HP: 15/15 MP: 3/3
    24 | D:1      | Reached XP level 2. HP: 12/21 MP: 5/5
   233 | D:1      | Reached XP level 3. HP: 23/26 MP: 6/6
   237 | D:1      | Learned a level 2 spell: Sticks to Snakes
   241 | D:1      | Learned a level 3 spell: Spider Form
   430 | D:1      | Reached skill level 5 in Transmutations
   935 | D:2      | You fall through a shaft for 2 floors!
   941 | D:3      | Found an ancient bone altar of Kikubaaqudgha.
   993 | D:3      | Reached XP level 4. HP: 32/32 MP: 2/7
  2122 | D:3      | Found an iron altar of Okawaru.
  2134 | D:3      | Became a worshipper of Warmaster Okawaru
  2282 | D:3      | Found a faded altar of an unknown god.
  2295 | D:3      | Reached XP level 5. HP: 37/37 MP: 1/8
  2717 | D:4      | Reached skill level 5 in Unarmed Combat
  3054 | D:4      | Noticed an ogre
  3064 | D:4      | Killed an ogre
  3064 | D:4      | Reached XP level 6. HP: 24/43 MP: 3/9
  3240 | D:4      | Found a sparkling altar of Nemelex Xobeh.
  3864 | D:4      | Noticed Pikel
  3864 | D:4      | Noticed a slave
  3867 | D:4      | Noticed a slave
  3870 | D:4      | Noticed a slave
  3875 | D:4      | Reached * piety under Okawaru
  3875 | D:4      | Reached XP level 7. HP: 11/48 MP: 3/10
  4368 | D:4      | Killed Pikel
  4368 | D:4      | Reached ** piety under Okawaru
  4368 | D:4      | Reached skill level 5 in Dodging
  4368 | D:4      | Reached XP level 8. HP: 30/54 MP: 8/11
  4567 | D:5      | Entered Level 5 of the Dungeon
  4567 | D:5      | Found a bloodstained altar of Trog.
  4567 | D:5      | Found a burning altar of Makhleb.
  4638 | D:5      | Reached skill level 6 in Dodging
  4999 | D:5      | Reached *** piety under Okawaru
  5004 | D:5      | Reached skill level 7 in Dodging
  5859 | D:6      | Reached XP level 9. HP: 59/59 MP: 8/12
  5866 | D:6      | Reached skill level 8 in Dodging
  5882 | D:6      | Reached skill level 10 in Unarmed Combat
  6001 | D:6      | Noticed Menkaure
  6011 | D:6      | Killed Menkaure
  6171 | D:6      | Found a glowing drain.
  6177 | D:6      | Received a gift from Okawaru
  6183 | Sewer    | Entered a sewer
  6445 | Sewer    | Noticed Purgy
  6453 | Sewer    | Killed Purgy
  6453 | Sewer    | Reached skill level 9 in Dodging
  6867 | D:6      | Reached skill level 10 in Dodging
  7233 | D:7      | Found a staircase to the Ecumenical Temple.
  7272 | Temple   | Entered the Ecumenical Temple
  7425 | D:7      | Reached skill level 11 in Dodging
  7875 | D:8      | Reached **** piety under Okawaru
  7875 | D:8      | Reached skill level 12 in Dodging
  8213 | D:8      | Reached XP level 10. HP: 47/65 MP: 2/13
  8493 | D:8      | Found a white marble altar of Elyvilon.
  8601 | D:8      | Reached skill level 13 in Dodging
  8612 | D:8      | Noticed Joseph
  8633 | D:8      | Killed Joseph
  8851 | D:8      | Noticed Prince Ribbit
  8866 | D:8      | Killed Prince Ribbit
  8986 | D:8      | Reached skill level 14 in Dodging
  9535 | D:9      | Noticed a two-headed ogre
  9544 | D:9      | Killed a two-headed ogre
  9544 | D:9      | Reached skill level 15 in Dodging
  9615 | D:9      | Found a staircase to the Orcish Mines.
  9635 | D:9      | Reached ***** piety under Okawaru
  9851 | D:9      | Received a gift from Okawaru
 10062 | D:9      | Reached XP level 11. HP: 56/70 MP: 10/14
 10068 | D:9      | Reached skill level 16 in Dodging
 10288 | D:9      | Noticed a two-headed ogre
 10319 | D:9      | Killed a two-headed ogre
 10520 | D:10     | Entered Level 10 of the Dungeon
 11294 | D:10     | Found a staircase to the Lair.
 11343 | D:10     | Noticed an unseen horror
 11348 | D:10     | Killed an unseen horror
 11348 | D:10     | Reached skill level 5 in Fighting
 11351 | D:10     | Noticed a cyclops
 11351 | D:10     | Noticed a red ugly thing
 11626 | D:10     | Reached skill level 17 in Dodging
 11700 | D:10     | Killed a cyclops
 11781 | D:10     | Noticed an unseen horror
 11799 | D:10     | Killed an unseen horror
 12273 | D:10     | Found a staircase to the Lair.
 12387 | D:10     | Got a crystal trident {freeze}
 12953 | D:11     | Received a gift from Okawaru
 12954 | D:11     | Got a steaming buckler {god gift}
 12980 | D:11     | Noticed an unseen horror
 12993 | D:11     | Killed an unseen horror
 13090 | D:11     | Noticed a cyclops
 13105 | D:11     | Killed a cyclops
 13105 | D:11     | Reached XP level 12. HP: 37/91 MP: 10/15
 13538 | D:11     | Learned a level 4 spell: Ice Form
 13544 | D:11     | Learned a level 5 spell: Blade Hands
 13777 | D:11     | Noticed Psyche
 13783 | D:11     | Killed Psyche
 14107 | D:11     | Noticed Grum
 14118 | D:11     | Killed Grum
 14215 | D:11     | Noticed a centaur warrior
 14246 | D:11     | Reached skill level 10 in Transmutations
 14628 | D:11     | Noticed Nergalle
 14644 | D:11     | Killed Nergalle
 14835 | D:11     | Killed a centaur warrior
 15174 | D:11     | Noticed a death knight
 15187 | D:11     | Killed a death knight
 15615 | D:11     | Reached skill level 18 in Dodging
 15894 | D:12     | Received a gift from Okawaru
 17076 | D:12     | Noticed Kirke
 17092 | D:12     | Noticed a sphinx
 17509 | D:11     | Killed Kirke
 17978 | Lair:1   | Entered Level 1 of the Lair of Beasts
 18041 | Lair:1   | Reached XP level 13. HP: 84/101 MP: 13/16
 19104 | Lair:2   | Found a staircase to the Snake Pit.
 19119 | Lair:1   | Reached skill level 10 in Fighting
 19210 | Lair:2   | Reached skill level 19 in Dodging
 19733 | Lair:2   | Received a gift from Okawaru
 20086 | Lair:2   | Received a gift from Okawaru
 21561 | Lair:3   | Got a shimmering silver ring
 21563 | Lair:3   | Identified the ring "Iwoeh" {Fire *Corrode rN+ Int+6} (You found it on level 3 of the Lair of Beasts)
 22223 | Lair:4   | Found a frozen archway.
 22236 | Lair:4   | Reached skill level 1 in Ice Magic
 22271 | IceCv    | Entered an ice cave
 22724 | IceCv    | Noticed an ice dragon
 22724 | IceCv    | Noticed an ice dragon
 22763 | IceCv    | Killed an ice dragon
 22763 | IceCv    | Reached skill level 5 in Ice Magic
 22908 | IceCv    | Killed an ice dragon
 22977 | IceCv    | Got a slimy golden amulet
 22979 | IceCv    | Got a pitted ruby amulet
 23495 | Lair:4   | Reached XP level 14. HP: 106/114 MP: 17/17
 23517 | Lair:4   | Reached skill level 20 in Dodging
 23749 | Lair:4   | Found a staircase to the Swamp.
 24379 | Lair:4   | Received a gift from Okawaru
 24902 | Lair:5   | Found a dark tunnel.
 24928 | Volcano  | Entered a volcano
 26314 | Lair:5   | Identified the amulet of Wariness {Harm *Drain rElec rF- MR+ Int+2} (You found it in an ice cave)
 26315 | Lair:5   | Identified the amulet of Zexte {Harm *Drain rC++} (You found it in an ice cave)
 26320 | Lair:6   | Entered Level 6 of the Lair of Beasts
 26592 | Lair:6   | Found a staircase to the Slime Pits.
 26627 | Lair:6   | Reached skill level 21 in Dodging
 26893 | Lair:6   | Received a gift from Okawaru
 28336 | Lair:6   | Reached XP level 15. HP: 126/126 MP: 12/18
 30369 | Orc:1    | Entered Level 1 of the Orcish Mines
 30380 | Orc:1    | Noticed Erica
 30394 | Orc:1    | Killed Erica
 30560 | Orc:2    | Entered Level 2 of the Orcish Mines
 31112 | Orc:2    | Reached skill level 22 in Dodging
 31262 | Orc:2    | Found a staircase to the Elven Halls.
 31317 | Orc:2    | Found Faeluq's Armour Shoppe.
 31583 | Orc:1    | Reached skill level 1 in Invocations
 31834 | Orc:2    | Reached skill level 15 in Fighting
 32579 | Orc:2    | Received a gift from Okawaru
 32873 | Orc:2    | Found Plog's Gadget Shoppe.
 32876 | Orc:2    | Found Taco's Antique Armour Boutique.
 32884 | Orc:2    | Found Ywec's General Store.
 33376 | Orc:1    | Noticed Josephine
 33443 | Orc:2    | Killed Josephine
 34197 | D:13     | Found a hide-covered altar of Uskayaw.
 34425 | D:13     | Reached skill level 5 in Spellcasting
 34425 | D:13     | Reached skill level 5 in Invocations
 34512 | D:13     | Reached XP level 16. HP: 83/136 MP: 16/24
 35105 | D:13     | Found a gate to the Vaults.
 36551 | D:14     | Noticed Roxanne
 36580 | D:14     | Killed Roxanne
 36800 | D:14     | Learned a level 6 spell: Statue Form
 37128 | D:14     | Noticed Nessos
 37135 | D:14     | Killed Nessos
 37135 | D:14     | Reached skill level 1 in Earth Magic
 37479 | D:14     | Found a roughly hewn altar of Beogh.
 37571 | D:14     | Identified a scroll of acquirement
 37595 | D:15     | Entered Level 15 of the Dungeon
 38378 | D:15     | Found a staircase to the Depths.
 38660 | D:15     | Noticed Agnes
 38671 | D:15     | Killed Agnes
 38671 | D:15     | Reached skill level 5 in Earth Magic
 38979 | D:15     | Got a brightly glowing lapis lazuli ring
 38980 | D:15     | Identified the ring of Xistrulick {Str+5 Dex+3} (You acquired it on level 15 of the Dungeon)
 40181 | D:10     | Identified the +3 buckler "Zukoben" {rN+} (Okawaru gifted it to you on level 11 of the Dungeon)
 40296 | Swamp:1  | Entered Level 1 of the Swamp
 40528 | Swamp:1  | Noticed a thorn hunter
 40540 | Swamp:1  | Killed a thorn hunter
 42112 | Swamp:2  | Reached XP level 17. HP: 96/144 MP: 20/26
 42572 | Swamp:3  | Received a gift from Okawaru
 43208 | Swamp:3  | Got a steaming ruby amulet
 43209 | Swamp:3  | Identified the amulet "Quodeupt" {RegenMP rN+ Int+4} (You acquired it on level 3 of the Swamp)
 43643 | Swamp:3  | Noticed Jorgrun
 43654 | Swamp:3  | HP: 7/144 [bog body (2)]
 43655 | Swamp:3  | Killed from afar by Jorgrun

Skill      XL: |  1  2  3  4  5  6  7  8  9 10 11 12 13 14 15 16 17 |
---------------+----------------------------------------------------+-----
Transmutations | 3 4 5 6 7 11 12 13 | 13.5
Unarmed Combat | 4 6 7 8 9 10 | 10.1
Dodging        | 5 7 12 15 17 18 19 21 22 | 22.0
Fighting       | 7 9 11 14 15 16 | 16.0
Ice Magic      | 5 |  5.3
Invocations    | 5 6 |  6.9
Spellcasting   | 5 6 |  6.4
Earth Magic    | 6 7 |  7.5

Action                   |  1- 3 |  4- 6 |  7- 9 | 10-12 | 13-15 | 16-18 || total
-------------------------+-------+-------+-------+-------+-------+-------++-------
Melee: Unarmed           |    76 |   152 |   305 |   741 |  1409 |   552 ||  3235
       Headbutt          |     3 |       |       |       |       |       ||     3
       Tailslap          |     1 |       |       |       |    12 |    21 ||    34
       Punch             |       |     1 |       |     1 |    24 |    35 ||    61
       Staff             |       |       |       |       |    16 |     7 ||    23
 Cast: Beastly Appendage |     7 |       |       |       |       |       ||     7
       Spider Form       |    11 |    27 |    50 |    80 |    68 |    11 ||   247
       Sticks to Snakes  |       |       |       |    15 |    21 |    29 ||    65
       Blade Hands       |       |       |       |     4 |    66 |    61 ||   131
       Ice Form          |       |       |       |     1 |    11 |       ||    12
Invok: Heroism           |       |       |     2 |    19 |    44 |    27 ||    92
       Finesse           |       |       |       |       |       |     4 ||     4
 Abil: End Transformatio |       |       |       |     4 |     8 |     5 ||    17
       Evoke Flight      |       |       |       |       |     2 |       ||     2
       Stop Flying       |       |       |       |       |     1 |       ||     1
Evoke: Wand              |       |       |       |     4 |     2 |       ||     6
  Use: Scroll            |       |     5 |     6 |    16 |     9 |    13 ||    49
       Potion            |       |       |       |     1 |     3 |     1 ||     5
 Stab: Sleeping          |     2 |     6 |     6 |     6 |       |     1 ||    21
       Distracted        |       |       |       |     1 |     1 |     4 ||     6
  Eat: Chunk             |     2 |    14 |    12 |    30 |    59 |    29 ||   146
       Ration            |       |       |     3 |     4 |     9 |     5 ||    21
Armor: Robe              |    11 |     2 |     3 |     4 |     5 |       ||    25
       Skin              |     2 |     7 |     4 |     9 |    26 |     1 ||    49
       Leather armour    |       |       |       |       |    52 |    45 ||    97
Dodge: Dodged            |    73 |   133 |   309 |   896 |  1615 |   623 ||  3649
